 Dungeon Crawl Stone Soup version 0.16.2-12-gd0ad4c3 (webtiles) character file.

35 faibistes the Magician (level 3, -6/19 HPs)
             Began as a Deep Elf Wizard on Apr 30, 2019.
             Mangled by Grinder (9 damage)
             ... while paralysed by Grinder
             ... on level 3 of the Dungeon.
             The game lasted 00:03:06 (1908 turns).

faibistes the Magician (Deep Elf Wizard)            Turns: 1908, Time: 00:03:06

Health: -6/19      AC:  3    Str:  4    XL:     3   Next: 17%
Magic:  14/14      EV:  2    Int: 23    God:
Gold:   34         SH:  0    Dex: 13    Spells: 5 memorised, 1 level left

rFire  . . .     SeeInvis .     k - +0 dagger
rCold  . . .     Clarity  .     a - +0 robe
rNeg   . . .     SustAb   .     (no shield)
rPois  .         Gourm    .     b - +0 hat
rElec  .         Spirit   .     (no cloak)
rCorr  .         Warding  .     (no gloves)
rMut   .         Stasis   .     i - +0 pair of boots
MR     .....                    (no amulet)
Stlth  ++........               (no ring)
                                (no ring)

@: paralysed, not resistant to hostile enchantments, unstealthy
A: no striking features
a: no special abilities


You were on level 3 of the Dungeon.
You were not hungry.

You visited 1 branch of the dungeon, and saw 3 of its levels.

You collected 34 gold pieces.

Inventory:

Hand weapons
 k - a +0 dagger (weapon)
Armour
 a - a +0 robe (worn)
 b - a +0 hat (worn)
 i - a +0 pair of boots (worn)
Scrolls
 j - 2 scrolls of identify {unknown}
 m - a scroll of teleportation {unknown}
 p - a scroll of recharging {unknown}
Potions
 e - 2 potions of curing {unknown}
 g - a potion of degeneration {unknown}
 h - a potion of brilliance {unknown}
 l - a potion of agility {unknown}
 n - a potion of haste {unknown}
Books
 c - a book of Minor Magic

   Spells                             Type                      Level
   a - Magic Dart                     Conjuration                  1
   b - Blink                          Translocation                2
   c - Call Imp                       Summoning                    2
   d - Repel Missiles                 Charms/Air                   2
   e - Slow                           Hexes                        2
   f - Conjure Flame                  Conjuration/Fire             3
   g - Mephitic Cloud                 Conjuration/Poison/Air       3
Comestibles
 d - a bread ration
 f - a meat ration


   Skills:
 + Level 2.7 Dodging
 - Level 2.4 Stealth
 * Level 5.1 Spellcasting
 * Level 2.5 Conjurations
 - Level 1.1 Summonings
 - Level 1.1 Translocations


You had one spell level left.
You knew the following spells:

 Your Spells              Type           Power        Failure   Level  Hunger
a - Magic Dart            Conj           ###.         3%          1    None
b - Conjure Flame         Conj/Fire      ##......     17%         3    ##.....
c - Call Imp              Summ           ##......     12%         2    None
d - Blink                 Tloc           N/A          12%         2    None
e - Mephitic Cloud        Conj/Pois/Air  #.......     21%         3    ##.....


Dungeon Overview and Level Annotations

Branches:
Dungeon (3/15)

Altars:

Annotations:
D:3 Grinder


Message History

This raw flesh tastes terrible.
You continue eating. x2
You start resting.
HP restored.
You see here 34 sling bullets.
There is a stone staircase leading down here.
You climb downwards.
Level annotation: Grinder Grinder gestures at you.
You suddenly lose the ability to move!
Grinder gestures.
Grinder blinks!
Grinder hits you!
Ouch! That really hurt!
You writhe in agony.
* * * LOW HITPOINT WARNING * * *
Grinder gestures at you. You resist with significant effort. Grinder hits you!
You die...

#.# #.### #.#
...... #.#
#...##.##.#
#........####.#....
#.....#...<.....#
.##........####..##
.........5.# .#
.$......#@.#
##....###....#
#.... ..#..(.. #...
#####... #### ..


You could see Grinder.

Vanquished Creatures
  A worm (D:2)
  A ball python (D:1)
  2 giant cockroaches (D:1)
  4 goblins
  4 hobgoblins (D:1)
  2 jackals (D:1)
  4 kobolds
  4 bats
  4 giant newts
  3 rats
29 creatures vanquished.

Notes
Turn   | Place    | Note
--------------------------------------------------------------
     0 | D:1      | faibistes, the Deep Elf Wizard, began the quest for the Orb.
     0 | D:1      | Reached XP level 1. HP: 10/10 MP: 6/6
   515 | D:1      | Reached XP level 2. HP: 15/15 MP: 5/10
   594 | D:1      | Learned a level 2 spell: Blink
   597 | D:1      | Learned a level 2 spell: Call Imp
  1224 | D:1      | Reached skill level 5 in Spellcasting
  1475 | D:2      | Reached XP level 3. HP: 19/19 MP: 0/14
  1579 | D:2      | Learned a level 3 spell: Conjure Flame
  1583 | D:2      | Learned a level 3 spell: Mephitic Cloud
  1677 | D:3      | Noticed Grinder
  1679 | D:3      | Paralysed by Grinder for 6 turns
  1903 | D:3      | Paralysed by Grinder for 7 turns
  1908 | D:3      | Mangled by Grinder

Action                   || total
-------------------------++-------
Melee: Dagger            ||     2
 Cast: Magic Dart        ||    74
       Call Imp          ||     3
  Eat: Chunk             ||     3
